 Dungeon Crawl Stone Soup version 0.30.1 (webtiles) character file.

Game seed: 11136919651290584735

431 Graphine the Sneak (level 7, 0/51 HPs)
             Began as a Human Brigand on July 7, 2023.
             Splashed by a jelly's acid (3 damage)
             ... on level 5 of the Dungeon.
             The game lasted 00:10:40 (4245 turns).

Graphine the Sneak (Human Brigand)                  Turns: 4245, Time: 00:10:41

Health: 0/51       AC: -15   Str: 12    XL:     7   Next: 20%
Magic:  3/9        EV: 12    Int: 11    God:
Gold:   193        SH:  0    Dex: 16    Spells: 5/9 levels left

rFire   . . .        a - +2 dagger
rCold   . . .        (no shield)
rNeg    . . .        h - +0 leather armour
rPois   .            (no helmet)
rElec   .            c - +0 cloak
rCorr   .            (no gloves)
SInv    .            (no boots)
Will    .....        (no amulet)
Stlth   ++           (no ring)
HPRegen 0.28/turn    (no ring)
MPRegen 0.11/turn

%: no passive effects
@: corroded, very slightly contaminated
A: no striking features
a: no special abilities


You were on level 5 of the Dungeon.
You visited 1 branch of the dungeon, and saw 5 of its levels.

You collected 193 gold pieces.

Inventory:

Hand Weapons
 a - a +2 dagger (weapon)
Missiles
 e - a curare-tipped dart
 k - 2 poisoned darts (quivered)
 q - 2 throwing nets
Armour
 b - a +0 robe
 c - a +0 cloak (worn)
 h - a +0 leather armour (worn)
 i - an orb of mayhem
 m - a +0 pair of boots
Scrolls
 g - a scroll of fear
 r - a scroll of amnesia
Potions
 d - 2 potions of degeneration
 f - a potion of curing {unknown}
 l - a potion of heal wounds {unknown}
 n - 2 potions of lignification
 o - 2 potions of berserk rage
 p - a potion of flight {unknown}
 s - a potion of attraction {unknown}


   Skills:
 + Level 2.8 Fighting
 - Level 2.0 Short Blades
 * Level 3.7 Throwing
 + Level 1.9 Armour
 * Level 3.2 Dodging
 - Level 4.0 Stealth
 + Level 2.0 Shields
 + Level 1.8 Spellcasting
 * Level 2.2 Summonings


You had 5 spell levels left.
You knew the following spells:

 Your Spells              Type           Power      Damage    Failure   Level
a - Summon Small Mammal   Summ           20%        N/A       16%         1
b - Call Canine Familiar  Summ           5%         N/A       43%         3

Your spell library contained the following spells:

 Spells                   Type           Power      Damage    Failure   Level
 Apportation              Tloc           0%         N/A       36%         1
 Necrotise                Necr           0%         1d4       36%         1
 Summon Guardian Golem    Hex/Summ       3%         N/A       58%         3
 Vhi's Electric Charge    Tloc/Air       0%         N/A       75%         3
 Arcjolt                  Conj/Air       0%         1d10      100%        5
 Plasma Beam              Fire/Air       0%         2x1d11    100%        6


Dungeon Overview and Level Annotations

Branches:
Dungeon (5/15)
 Temple: D:4-7

Altars:
Fedhas

Shops:
D:4 [


Message History

You miscast Summon Small Mammal.
You are very lightly contaminated with residual magic.
Nothing appears to happen.
The jelly completely misses you.
Your rat completely misses the jelly.
Casting: Summon Small Mammal (safe; 16% risk of failure)
Confirm with . or Enter, or press ? or * to list all spells.
You miscast Summon Small Mammal.
Nothing appears to happen.
The jelly closely misses you.
Your rat bites the jelly.
Your rat is burned by acid!
Your rat dies!
Your rat's corpse disappears in a puff of smoke!
Casting: Summon Small Mammal (safe; 16% risk of failure)
Confirm with . or Enter, or press ? or * to list all spells.
The jelly closely misses you.
You hit the jelly but do no damage.
Your hands burn!
The jelly is almost dead.
The jelly hits you.
You are splashed with acid!
You are too injured to fight recklessly!
Hit: a) +2 dagger
Press: ? - help, Dir - move target, f - jelly
Aim: a jelly (almost dead, ally target, about 9% to evade your +2 dagger)
You hit the jelly but do no damage.
Your hands burn!
* * * LOW HITPOINT WARNING * * *
The jelly is almost dead.
The jelly barely misses you.
Hit: a) +2 dagger
Press: ? - help, Dir - move target, f/p - jelly
Aim: a jelly (almost dead, ally target, about 9% to evade your +2 dagger)
You hit the jelly but do no damage.
Your hands burn!
* * * LOW HITPOINT WARNING * * *
The jelly is almost dead.
Your rat barely misses the jelly.
The jelly hits you.
* * * LOW HITPOINT WARNING * * *
The acid corrodes you!
You are splashed with acid!
* * * LOW HITPOINT WARNING * * *
Hit: a) +2 dagger
Press: ? - help, Dir - move target, f/p - jelly
Aim: a jelly (almost dead, ally target, about 9% to evade your +2 dagger)
You hit the jelly but do no damage. The acid corrodes you!
Your hands burn!
You die...

#.######## #...#....#
..... #...#....# #.#
..... #...#....#
#.#####..... #...+....#
8.8#........ #...#....#
#.##........ #........#
##.##........
#........###8.8#J.......
#..........##.##@r....>.
#..........##'##........
.....................###
.........##.....######
.........##.....#
.........#.......#
.........#.......#
.#...............#
.#..........######


You could see a jelly (ally target) and a friendly rat (summoned).

Vanquished Creatures
  An ogre (D:4)
  2 howler monkeys
  A gnoll bouda (D:4)
  A jelly (D:4)
  An iguana (D:4)
  An orc wizard (D:4)
  An adder (D:4)
  5 gnolls (D:4)
  2 worms
  3 dart slugs
  9 orcs
  4 bats
  7 endoplasms
  5 giant cockroaches
  6 goblins
  6 hobgoblins
  3 quokkas
  10 ball pythons
  6 frilled lizards
  7 kobolds
  7 rats
88 creatures vanquished.

Vanquished Creatures (collateral kills)
  An orc (D:4)
1 creature vanquished.

Grand Total: 89 creatures vanquished

Notes
Turn   | Place    | Note
-------+----------+-------------------------------------------
     0 | D:1      | Graphine the Human Brigand began the quest for the Orb.
     0 | D:1      | Reached XP level 1. HP: 16/16 MP: 1/1
    97 | D:1      | Reached XP level 2. HP: 22/22 MP: 2/2
   443 | D:1      | Reached XP level 3. HP: 27/27 MP: 3/3
  1547 | D:2      | Found a blossoming altar of Fedhas.
  1651 | D:2      | Reached XP level 4. HP: 29/33 MP: 5/5
  1726 | D:3      | Reached skill level 1 in Armour
  1726 | D:3      | Reached skill level 1 in Shields
  1726 | D:3      | Reached skill level 1 in Spellcasting
  1787 | D:3      | Reached XP level 5. HP: 34/39 MP: 6/6
  2361 | D:4      | Found Piuph's Armour Boutique.
  2610 | D:4      | Reached skill level 1 in Summonings
  2630 | D:4      | Reached XP level 6. HP: 13/46 MP: 7/7
  3005 | D:4      | Noticed an ogre
  3016 | D:4      | Killed an ogre
  3178 | D:4      | Reached XP level 7. HP: 8/51 MP: 9/9
  3180 | D:4      | Learned a level 1 spell: Summon Small Mammal
  3342 | D:4      | Learned a level 3 spell: Call Canine Familiar
  4205 | D:5      | Entered Level 5 of the Dungeon
  4245 | D:5      | Splashed by a jelly's acid

Illustrated notes

Levels and vault maps discovered:
D:1:      dpeg_arrival_pond, layout_loops_ring, chequers_serial_rivers_large_b
D:2:      layout_loops_cross, basic_altar
D:3:      minmay_spotlight, layout_basic
D:4:      layout_basic, serial_shops, shop, minmay_misc_feat_iff
D:5:      layout_basic, lemuel_crystal_altar, dk_noncrumbling_2

Skill      XL: |  1  2  3  4  5  6  7 |
---------------+----------------------+-----
Armour         | 1 |  1.9
Dodging        | 2 3 |  3.2
Shields        | 1 2 |  2.0
Spellcasting   | 1 |  1.8
Throwing       | 3 |  3.7
Summonings     | 1 2 |  2.2
Fighting       | |  2.8
Short Blades   | |  2.0
Stealth        | |  4.0

Action                     |  1- 3 |  4- 6 |  7- 9 || total
---------------------------+-------+-------+-------++-------
  Melee: Dagger            |    54 |   156 |    39 ||   249
         Punch             |       |     6 |       ||     6
  Throw: Stone             |     6 |       |       ||     6
         Dart              |    29 |    44 |       ||    73
         Boomerang         |    38 |       |       ||    38
   Cast: Summon Small Mamm |       |       |    16 ||    16
    Use: Scroll            |     4 |     5 |     2 ||    11
         Potion            |       |     1 |       ||     1
   Stab: Sleeping          |     1 |     2 |     3 ||     6
         Distracted        |       |       |     1 ||     1
 Armour: Robe              |    10 |       |       ||    10
         Leather armour    |     6 |    19 |     8 ||    33
  Dodge: Dodged            |    34 |    84 |    22 ||   140
